 Dungeon Crawl Stone Soup version 0.17-a0-945-g601bd79 (webtiles) character file.

72526 nubinia the Earth Mage (level 15, -9/80 HPs)
             Began as a Gargoyle Earth Elementalist on May 5, 2015.
             Was the Champion of Sif Muna.
             Killed from afar by a bog body (25 damage)
             ... with a bolt of cold
             ... on level 1 of the Swamp on May 6, 2015.
             The game lasted 04:39:32 (34597 turns).

nubinia the Earth Mage (GrEE)                      Turns: 34597, Time: 04:39:32

Health: -9/80      AC: 40    Str: 18    XL:     15   Next: 40%
Magic:  12/34      EV: 16    Int: 19    God:    Sif Muna [******]
Gold:   1662       SH:  7    Dex: 13    Spells: 11 memorised, 1 level left

rFire  + . .     SeeInvis .     o - +5 mace (protect)
rCold  . . .     Clarity  +     Y - +2 ring mail {rF+}
rNeg   + . .     SustAb   .     e - +0 buckler {AC+3}
rPois  ∞         Gourm    .     F - +1 helmet
rElec  +         Spirit   .     (no cloak)
rCorr  +         Warding  .     I - +1 pair of gloves "Giupog" {Str+3}
rMut   .         Stasis   .     J - +2 pair of boots
MR     +....                    U - amulet of resist corrosion
Stlth  ++........               s - ring of Gluttony {rPois EV+2}
                                N - +3 ring of dexterity

@: stone skin, flying, very slightly contaminated, studying Shields, somewhat
resistant to hostile enchantments, unstealthy
A: big wings, clarity, high mp 1, negative energy resistance 1, shaggy fur 1,
electricity resistance, unbreathing, petrification resistance, rot immunity, AC
+11
a: Stop Flying, Channel Energy, Forget Spell, Renounce Religion


You were on level 1 of the Swamp.
You worshipped Sif Muna.
Sif Muna was exalted by your worship.
You were not hungry.

You visited 5 branches of the dungeon, and saw 24 of its levels.
You visited 1 bazaar.
You also visited: Labyrinth and Volcano.

You collected 2750 gold pieces.
You spent 1088 gold pieces at shops.

Inventory:

Hand weapons
 b - a +3 mace of draining
 n - a +4 whip of venom
 o - a +5 mace of protection (weapon)
 B - a +0 blowgun
 L - the +2 dagger of Contention {pain, rPois Dex+5}
   (You found it in a labyrinth)

   In the hands of one skilled in necromantic magic, it inflicts extra damage on
   living creatures.
   It affects your dexterity (+5).
   It protects you from poison.
 Q - the +10 rapier "Ynaches" {venom, rC+ Str-4 Int+4}
   (You found it on level 8 of the Lair of Beasts)

   It poisons the flesh of those it strikes.
   It affects your strength (-4).
   It affects your intelligence (+4).
   It protects you from cold.
Missiles
 a - 216 stones (quivered)
 D - 51 poisoned needles
 X - 2 curare-tipped needles
Armour
 e - a +0 buckler of protection (worn)
 F - a +1 helmet (worn)
 I - the +1 pair of gloves "Giupog" (worn) {Str+3}
   (You bought it in a shop on level 4 of the Orcish Mines)

   It affects your strength (+3).
 J - a +2 pair of boots (worn)
 T - the -2 hat of the Alchemist {rElec rPois rF+ rC+ rN+ MR+ rMut rCorr}
   (You bought it in a shop on level 4 of the Orcish Mines)

   It protects you from fire.
   It protects you from cold.
   It insulates you from electricity.
   It protects you from poison.
   It protects you from negative energy.
   It affects your resistance to hostile enchantments.
   It protects you from acid and corrosion.
   It protects you from mutation.
 Y - a +2 ring mail of fire resistance (worn)
Jewellery
 s - the ring of Gluttony (right hand) {rPois EV+2}
   (You took it off a minotaur in a labyrinth)

   [ring of evasion]

   It affects your evasion (+2).
   It protects you from poison.
 N - a +3 ring of dexterity (left hand)
 O - an uncursed amulet of stasis
 R - a +4 ring of intelligence
 S - an uncursed ring of protection from magic
 U - an amulet of resist corrosion (around neck)
Magical devices
 c - a wand of fireball (3)
 k - a wand of draining (10)
 r - a wand of heal wounds (5)
 w - a wand of digging (20)
 y - a wand of lightning (6)
 z - a wand of fireball (6)
 E - a wand of hasting (9)
 W - a wand of teleportation (4)
Scrolls
 i - a scroll of blinking
 m - 2 scrolls of amnesia
 p - 11 scrolls of remove curse
 q - 2 scrolls of teleportation
 u - a scroll of enchant armour
 H - 2 scrolls of identify
 K - a scroll of recharging
Potions
 f - 11 potions of curing
 g - a potion of resistance
 h - a potion of cancellation
 l - 2 potions of berserk rage
 t - 2 potions of might
 v - 3 potions of heal wounds
 C - a potion of cure mutation
 P - 3 potions of brilliance
 V - 3 potions of agility
Books
 G - a manual of Shields
Miscellaneous
 Z - a lamp of fire
Comestibles
 d - 10 bread rations


   Skills:
 - Level 4.4 Fighting
 - Level 4.2 Maces & Flails
 - Level 3.3 Throwing
 - Level 5.0 Armour
 - Level 6.7 Dodging
 - Level 5.5 Stealth
 + Level 13.7 Shields
 - Level 11.9 Spellcasting
 - Level 10.4 Conjurations
 - Level 3.5 Transmutations
 - Level 3.6 Fire Magic
 - Level 15.5 Earth Magic
 - Level 6.4 Invocations


You had one spell level left.
You knew the following spells:

 Your Spells              Type           Power        Failure   Level  Hunger
a - Throw Flame           Conj/Fire      #####.       1%          2    None
b - Stone Arrow           Conj/Erth      ######       1%          3    None
c - Passwall              Trmt/Erth      #####.....   1%          3    None
d - Leda's Liquefaction   Hex/Erth       #####.....   4%          4    ##.....
e - Petrify               Trmt/Erth      #####...     1%          4    ##.....
f - Ignite Poison         Fire/Trmt/Pois ###.....     14%         3    None
i - Iskenderun's Mystic   Conj           ######..     1%          4    ##.....
l - Lee's Rapid Deconstr  Erth           ######....   1%          5    ####...
m - Bolt of Magma         Conj/Fire/Erth #####.....   6%          5    ####...
q - Sandblast             Erth           ######       0%          1    None
s - Stoneskin             Trmt/Erth      #####...     1%          2    None


Dungeon Overview and Level Annotations

Branches:
Dungeon (10/15)            Temple (1/1) D:6            Lair (8/8) D:9
  Swamp (1/4) Lair:5        Snake (0/4) Lair:6        Slime (0/6) Lair:7
    Orc (4/4) D:10            Elf (0/3) Orc:3

Altars:
Ashenzari
Cheibriados
Dithmenos
Elyvilon
Fedhas
Kikubaaqudgha
Makhleb
Nemelex Xobeh
Qazlal
Ru
Sif Muna
Yredelemnul
Zin
The Shining One
Beogh
Jiyva

Shops:
Orc:2 *   Orc:4 [*[[

Annotations:
D:4 PhazeDK's ghost, average OpTm


Innate Abilities, Weirdness & Mutations

You are resistant to torment.
Your stone body is resilient (AC +11).
You are immune to poison.
Your large and strong wings let you fly indefinitely.
You resist negative energy.
You are resistant to electric shocks.
You can survive without breathing.
You are immune to petrification.
You are immune to rotting.
You possess an exceptional clarity of mind.
You have an increased reservoir of magic (+10% MP).
You are covered in fur (AC +1).


Message History

The bog body gestures at you while chanting.
The bolt of cold misses you.
The bog body is engulfed in a cloud of scalding steam.
The bog body casts a spell at you. The bolt of cold hits you!
* * * LOW HITPOINT WARNING * * *
Evoke which item? (* to show all) (? for menu, Esc to quit)
Zapping:
c - a wand of fireball (4)
Press: ? - help, Shift-Dir - straight line, p - bog body The fireball explodes!
The fireball engulfs the bog body.
The bog body resists.
The bog body is moderately damaged.
The fireball engulfs the bog body.
The bog body resists.
The bog body is almost destroyed.
The fireball engulfs the bog body.
The bog body resists.
The bog body is heavily damaged.
This wand has 3 charges left.
You feel yourself speed up. The bog body casts a spell at you.
The bolt of cold hits you!
You die...

≈≈.. ♣♣≈≈♣♣♣♣♣♣♣♣.≈.. ♣n≈♣
♣♣♣≈..≈.≈♣ ♣♣.≈.
♣♣..♣♣♣♣♣......≈.♣ ♣♣.≈≈
♣.≈..n≈......♣...♣♣
♣♣♣♣..≈
♣≈....♣§§.§.†.≈≈≈≈♣♣..§≈..
♣♣♣≈.≈§.≈≈.♣♣.≈≈≈.♣♣.≈..≈♣
♣♣♣..nn§§♣♣.≈≈≈≈..≈.≈..♣♣
♣.≈§..§♣♣..≈≈≈.≈≈≈≈≈≈..
♣≈§.§n@♣♣♣≈...≈.≈≈≈≈.≈.
♣♣♣♣.≈≈♣ ♣♣♣..≈.≈≈≈≈...
♣≈.≈♣ ♣..≈.≈≈≈≈≈.. ♣♣♣♣♣
♣..♣.≈≈≈≈... ♣.≈..≈≈≈§≈§.
♣.≈≈.≈≈≈).≈§ ♣♣...≈≈≈≈≈..
♣♣♣♣..≈≈≈.! ♣♣≈.≈≈≈≈


You could see 3 bog bodies.

Vanquished Creatures
  A thorn hunter (Swamp:1)
  Donald (Orc:3)
  The ghost of abixa the Brawler, a powerful TrMo of Okawaru (Orc:4)
  Nessos (Lair:8)
  A fire dragon (Volcano)
  A minotaur (Lab)
  Erolcha (D:8)
  An anaconda (Lair:8)
  A catoblepas (Lair:4)
  3 alligators (Swamp:1)
  7 hydras
  Urug (Lair:2)
  Pikel (D:8)
  A hill giant (D:10)
  6 orc knights
  An ugly thing (D:6)
  A statue (Volcano)
  2 griffons
  A hornet (Swamp:1)
  An orc sorcerer (Orc:2)
  17 elephants
  5 black mambas
  2 molten gargoyles (Lair:6)
  Psyche (D:8)
  3 torpor snails
  A gargoyle (D:10)
  12 spiny frogs
  9 komodo dragons
  4 fire drakes
  A polar bear (Lair:7)
  A jumping spider (Lair:5)
  A giant leech (Swamp:1)
  4 trolls
  A wandering mushroom (Lair:8)
  16 blink frogs
  2 ravens (Swamp:1)
  A trapdoor spider zombie (D:10)
  4 bog bodies (Swamp:1)
  2 wyverns
  3 fire bats (Volcano)
  2 shadows (Lab)
  34 yaks
  A spriggan (D:7)
  6 basilisks
  8 hippogriffs
  2 hungry ghosts (D:8)
  3 vampire mosquitoes (Swamp:1)
  A mottled dragon (Volcano)
  7 wargs
  5 swamp worms
  A deep elf fighter (D:10)
  8 wolves
  2 nagas (Lair:6)
  8 water moccasins
  2 swamp drakes (Swamp:1)
  11 porcupines
  3 phantoms
  42 orc warriors
  A necrophage (D:9)
  2 black bears
  12 centaurs
  3 sky beasts
  8 spiders (D:10)
  12 ice beasts
  9 ogres
  16 crocodiles
  A removed MONS_BORING_BEETLE (Lair:5)
  Blork the orc (Orc:4)
  12 giant frogs
  A big kobold (D:10)
  4 scorpions
  3 killer bees (D:8)
  6 crimson imps
  15 wights (D:10)
  5 hounds
  5 lava snakes
  28 orc priests
  4 jellies
  29 orc wizards
  2 giant frog zombies (D:5)
  2 gnoll shamans (D:5)
  2 centaur skeletons (D:8)
  4 giant frog skeletons
  12 worker ants
  7 iguanas
  2 killer bee zombies
  13 sheep
  2 hound skeletons
  10 gnolls
  48 river rats
  A worker ant zombie (D:10)
  9 adders
  A shadow imp (D:8)
  An ooze (D:3)
  2 adder zombies
  An adder skeleton (D:8)
  2 worms
  182 orcs
  4 ball pythons
  A bat skeleton (D:8)
  8 giant cockroaches
  27 goblins
  10 hobgoblins
  18 kobolds
  6 quokkas
  12 bats
  9 giant geckos
  3 giant gecko skeletons
  A giant gecko zombie (D:5)
  4 giant newts
  2 giant spores
  15 jackals
  A jackal skeleton (D:5)
  2 quokka skeletons
  2 quokka zombies
  15 rats
  4 ballistomycetes
  2 fungi
  4 plants (Lair:8)
900 creatures vanquished.

Vanquished Creatures (collateral kills)
  An iguana (Lair:6)
1 creature vanquished.

Vanquished Creatures (others)
  A slave (D:8)
  2 lava snakes (Lair:6)
  13 fungi
  12 plants
28 creatures vanquished.

Grand Total: 929 creatures vanquished

Notes
Turn   | Place    | Note
--------------------------------------------------------------
     0 | D:1      | nubinia, the Gargoyle Earth Elementalist, began the quest for the Orb.
     0 | D:1      | Reached XP level 1. HP: 10/10 MP: 3/3
   415 | D:1      | Reached XP level 2. HP: 9/15 MP: 0/5
   757 | D:1      | Reached skill level 4 in Earth Magic
  1505 | D:1      | Reached XP level 3. HP: 17/19 MP: 6/6
  1512 | D:1      | Learned a level 2 spell: Stoneskin
  1516 | D:1      | Learned a level 3 spell: Passwall
  2984 | D:3      | Reached XP level 4. HP: 12/24 MP: 2/8
  3194 | D:3      | Found a blossoming altar of Fedhas.
  4025 | D:3      | Learned a level 3 spell: Stone Arrow
  4028 | D:4      | Noticed PhazeDK's ghost (average OpTm)
  4136 | D:4      | Reached XP level 5. HP: 18/28 MP: 2/9
  4141 | D:4      | Reached skill level 5 in Earth Magic
  4740 | D:4      | Noticed a phantom
  4767 | D:3      | Killed a phantom
  4767 | D:3      | Reached skill level 1 in Fighting
  4767 | D:3      | Reached XP level 6. HP: 24/34 MP: 3/11
  6055 | D:4      | Reached skill level 1 in Transmutations
  6082 | D:4      | Reached XP level 7. HP: 31/38 MP: 13/13
  6262 | D:5      | Entered Level 5 of the Dungeon
  6441 | D:5      | Reached skill level 1 in Throwing
  7030 | D:5      | Reached XP level 8. HP: 44/44 MP: 12/14
  7248 | D:5      | Reached skill level 6 in Earth Magic
  7359 | D:5      | Reached skill level 1 in Maces & Flails
  7471 | D:5      | Reached skill level 1 in Conjurations
  8101 | D:6      | Noticed a red ugly thing
  8118 | D:6      | Killed a red ugly thing
  8118 | D:6      | Reached skill level 5 in Spellcasting
  8118 | D:6      | Reached XP level 9. HP: 18/49 MP: 7/16
  8773 | D:6      | Found a staircase to the Ecumenical Temple.
  8795 | Temple   | Entered the Ecumenical Temple
  8849 | Temple   | Became a worshipper of Sif Muna the Loreminder
  8888 | D:6      | Found a shadowy altar of Dithmenos.
  9947 | D:7      | Got a jacinth-studded plate armour
  9958 | D:7      | Identified the cursed +1 plate armour of a wizard's laboratory {rPois rF+ MP+9} (You found it on level 7 of the Dungeon)
 10025 | D:7      | Reached skill level 7 in Earth Magic
 10854 | D:8      | Noticed Psyche
 11195 | D:8      | Acquired Sif Muna's first power
 11229 | D:8      | Noticed Erolcha
 11232 | D:8      | Found a basalt altar of Yredelemnul.
 11233 | D:8      | Found an ancient bone altar of Kikubaaqudgha.
 11357 | D:8      | Killed Psyche
 11357 | D:8      | Reached skill level 5 in Armour
 11357 | D:8      | Reached skill level 5 in Conjurations
 11357 | D:8      | Reached XP level 10. HP: 46/55 MP: 7/19
 11388 | D:8      | Learned a level 5 spell: Lee's Rapid Deconstruction
 11393 | D:8      | Learned a level 4 spell: Petrify
 11499 | D:8      | Reached skill level 8 in Earth Magic
 11553 | D:8      | Noticed Pikel
 11995 | D:8      | Acquired Sif Muna's second power
 12461 | D:8      | Killed Pikel
 12615 | D:8      | Killed Erolcha
 12831 | D:9      | Reached skill level 9 in Earth Magic
 13051 | D:9      | Found a basalt altar of Yredelemnul.
 13121 | D:9      | Reached skill level 5 in Stealth
 13406 | D:9      | Reached XP level 11. HP: 60/60 MP: 18/22
 13449 | D:9      | Found a staircase to the Lair.
 13984 | Lair:1   | Entered Level 1 of the Lair of Beasts
 14056 | Lair:1   | Reached skill level 5 in Dodging
 14160 | Lair:1   | Reached skill level 10 in Earth Magic
 14337 | Lair:1   | Acquired Sif Muna's third power
 15185 | Lair:2   | Noticed Urug
 15304 | Lair:2   | Killed Urug
 15304 | Lair:2   | Reached skill level 1 in Shields
 15363 | Lair:2   | Noticed a five-headed hydra
 15376 | Lair:2   | Killed a five-headed hydra
 15548 | Lair:2   | Reached skill level 11 in Earth Magic
 16259 | Lair:3   | Noticed a five-headed hydra
 16282 | Lair:3   | Killed a five-headed hydra
 16285 | Lair:3   | Noticed a six-headed hydra
 16383 | Lair:3   | Reached XP level 12. HP: 58/64 MP: 15/25
 16765 | Lair:3   | Killed a six-headed hydra
 16781 | Lair:3   | Reached skill level 12 in Earth Magic
 17079 | Lair:3   | Noticed a five-headed hydra
 17085 | Lair:3   | Killed a five-headed hydra
 17360 | Lair:3   | Reached skill level 10 in Spellcasting
 17470 | Lair:3   | Noticed an eight-headed hydra
 17472 | Lair:3   | Killed an eight-headed hydra
 17472 | Lair:3   | Received a gift from Sif Muna
 17476 | Lair:3   | Identified Roxanne's Reference Book on Ashen Moulding (Sif Muna gifted it to you on level 3 of the Lair of Beasts)
 17502 | Lair:3   | Learned a level 5 spell: Bolt of Magma
 17638 | Lair:3   | Reached skill level 1 in Fire Magic
 18573 | Lair:4   | Noticed a catoblepas
 18596 | Lair:4   | Killed a catoblepas
 19031 | Lair:4   | Reached skill level 1 in Invocations
 19346 | Lair:5   | Reached skill level 13 in Earth Magic
 19393 | Lair:5   | Reached XP level 13. HP: 40/70 MP: 13/27
 19711 | Lair:5   | Found a hole to the Spider Nest.
 19986 | Lair:5   | Found a staircase to the Swamp.
 20775 | Lair:6   | Found a staircase to the Snake Pit.
 21293 | Lair:6   | Received a gift from Sif Muna
 21294 | Lair:6   | Identified Sif Muna's Incunabulum of Ashen Ignition (Sif Muna gifted it to you on level 6 of the Lair of Beasts)
 21731 | Lair:7   | Found a snail-covered altar of Cheibriados.
 22037 | Lair:7   | Reached skill level 14 in Earth Magic
 22349 | Lair:7   | Found a staircase to the Slime Pits.
 22349 | Lair:7   | Found a viscous altar of Jiyva.
 22787 | Lair:8   | Entered Level 8 of the Lair of Beasts
 22885 | Lair:8   | Noticed Nessos
 22894 | Lair:8   | Killed Nessos
 23290 | Lair:8   | Gained mutation: Your large and strong wings let you fly indefinitely. [Gargoyle growth]
 23290 | Lair:8   | Reached XP level 14. HP: 76/76 MP: 16/29
 23305 | Lair:8   | Reached skill level 5 in Invocations
 23618 | Lair:8   | Received a gift from Sif Muna
 23620 | Lair:8   | Identified Sif Muna's Incunabulum of the Mountains and Confrontation (Sif Muna gifted it to you on level 8 of the Lair of Beasts)
 24289 | Lair:8   | Got an encrusted shield
 24291 | Lair:8   | Got a bloodstained rapier
 24373 | Lair:8   | Reached skill level 15 in Earth Magic
 24646 | Lair:8   | Identified the +0 shield "Xottithre" {+Inv rElec rF+ Dex-2} (You found it on level 8 of the Lair of Beasts)
 24656 | Lair:8   | Identified the +10 rapier "Ynaches" {venom, rC+ Str-4 Int+4} (You found it on level 8 of the Lair of Beasts)
 25013 | Lair:7   | Learned a level 4 spell: Leda's Liquefaction
 25308 | D:10     | Entered Level 10 of the Dungeon
 25699 | D:10     | Reached skill level 10 in Conjurations
 26075 | D:10     | Found a staircase to the Orcish Mines.
 26542 | Orc:1    | Entered Level 1 of the Orcish Mines
 27219 | Orc:1    | Found a roughly hewn altar of Beogh.
 28022 | Orc:2    | Found Esailon's Assorted Antiques.
 28881 | Orc:3    | Noticed Donald
 28891 | Orc:3    | Found a dark tunnel.
 28896 | Volcano  | Entered a volcano
 29214 | Volcano  | Found a burning altar of Makhleb.
 29350 | Orc:3    | Killed Donald
 29533 | Orc:3    | Learned a level 4 spell: Iskenderun's Mystic Blast
 30126 | Orc:3    | Found a staircase to the Elven Halls.
 30328 | Orc:4    | Entered Level 4 of the Orcish Mines
 30331 | Orc:4    | Found a frozen archway.
 30361 | Orc:4    | Noticed abixa's ghost (powerful TrMo)
 30411 | Orc:4    | Found a flickering gateway to a bazaar.
 30443 | Bazaar   | Entered a bazaar
 30443 | Bazaar   | Found Kikku's Armour Boutique.
 30443 | Bazaar   | Found Dest's Antique Weapon Shop.
 30444 | Bazaar   | Found Dufulau Myuh's Book Shoppe.
 30445 | Bazaar   | Found Tonuprog's Antique Weapon Emporium.
 30445 | Bazaar   | Found Penilir's Armour Shop.
 30480 | Bazaar   | Bought a +0 buckler of protection for 115 gold pieces
 30542 | Orc:4    | Found a labyrinth entrance.
 30556 | Lab      | Entered a labyrinth
 30830 | Lab      | Reached skill level 5 in Shields
 30932 | Lab      | Got a faintly glowing ivory ring
 30946 | Lab      | Identified the ring of Gluttony {rPois EV+2} (You took it off a minotaur in a labyrinth)
 30961 | Lab      | Got a pitted plate armour
 30972 | Lab      | Identified the +9 plate armour "Vulourch" {-Cast Int+6 Stlth+} (You found it in a labyrinth)
 30984 | Lab      | Got an iridescent dagger
 30985 | Lab      | Identified the +2 dagger of Contention {pain, rPois Dex+5} (You found it in a labyrinth)
 30997 | Orc:4    | Upgraded the game from 0.17-a0-931-g11a8995 to 0.17-a0-945-g601bd79
 31194 | Orc:4    | Found a roughly hewn altar of Beogh.
 31777 | Orc:4    | Learned a level 2 spell: Throw Flame
 31983 | Orc:4    | Found Jilugero's Armour Shop.
 31983 | Orc:4    | Found Kuzetinipt's General Store.
 31983 | Orc:4    | Found Zost's Antique Armour Shoppe.
 32156 | Orc:4    | Reached XP level 15. HP: 65/80 MP: 14/30
 32263 | Orc:4    | Found Xenia's Antique Armour Boutique.
 32278 | Orc:4    | Killed abixa's ghost
 32303 | Orc:4    | Bought a pair of twisted gloves for 190 gold pieces
 32313 | Orc:4    | Identified the +1 pair of gloves "Giupog" {Str+3} (You bought it in a shop on level 4 of the Orcish Mines)
 32315 | Orc:4    | Bought the -2 hat of the Alchemist {rElec rPois rF+ rC+ rN+ MR+ rMut rCorr} for 613 gold pieces
 32318 | Orc:4    | Bought a pair of runed boots for 85 gold pieces
 32318 | Orc:4    | Bought a glowing buckler for 85 gold pieces
 32539 | Orc:4    | Reached skill level 10 in Shields
 32743 | Orc:4    | Noticed Blork the orc
 32757 | Orc:4    | Killed Blork the orc
 33233 | Orc:4    | Learned a level 3 spell: Ignite Poison
 33794 | Swamp:1  | Entered Level 1 of the Swamp
 34096 | Swamp:1  | Identified a scroll of acquirement
 34097 | Swamp:1  | Got a pair of brightly glowing gloves
 34108 | Swamp:1  | Identified the -2 pair of gloves of Rotation {rPois} (You acquired it on level 1 of the Swamp)
 34167 | Swamp:1  | Noticed a thorn hunter
 34183 | Swamp:1  | Killed a thorn hunter
 34364 | Swamp:1  | Gained mutation: You are covered in fur (AC +1). [potion of mutation]
 34364 | Swamp:1  | Gained mutation: You have an increased reservoir of magic (+10% MP). [potion of mutation]
 34364 | Swamp:1  | Gained mutation: You possess an exceptional clarity of mind. [potion of mutation]
 34597 | Swamp:1  | Killed from afar by a bog body

Action                   |  1- 3 |  4- 6 |  7- 9 | 10-12 | 13-15 || total
-------------------------+-------+-------+-------+-------+-------++-------
Melee: Club              |    32 |       |       |       |       ||    32
       Dagger            |    43 |    68 |       |       |       ||   111
       Mace              |       |    19 |   312 |   282 |   532 ||  1145
       Unarmed           |       |       |     1 |       |       ||     1
       Whip              |       |       |       |   249 |   612 ||   861
 Fire: Blowgun           |       |    17 |    41 |    62 |    45 ||   165
Throw: Stone             |       |       |       |     2 |     2 ||     4
 Cast: Sandblast         |    42 |    46 |    73 |   170 |   169 ||   500
       Stoneskin         |     2 |     7 |    30 |    56 |    93 ||   188
       Stone Arrow       |       |       |     7 |    65 |   131 ||   203
       Passwall          |       |       |       |     8 |     4 ||    12
       Lee's Rapid Decon |       |       |       |    30 |   169 ||   199
       Bolt of Magma     |       |       |       |     4 |    59 ||    63
       Petrify           |       |       |       |       |    20 ||    20
       Throw Flame       |       |       |       |       |    90 ||    90
       Leda's Liquefacti |       |       |       |       |     1 ||     1
Invok: Channel Energy    |       |       |       |    15 |   438 ||   453
 Abil: Fly               |       |       |       |       |     2 ||     2
       Stop Flying       |       |       |       |       |     1 ||     1
Evoke: Wand              |       |       |       |       |     4 ||     4
  Use: Scroll            |     4 |     1 |    11 |    13 |    26 ||    55
       Potion            |       |       |     3 |       |     5 ||     8
 Stab: Sleeping          |     3 |     7 |     6 |    14 |     9 ||    39
       Distracted        |       |       |     1 |     4 |       ||     5
       Invisible         |       |       |       |       |     1 ||     1
       Petrified         |       |       |       |       |     2 ||     2
  Eat: Chunk             |     7 |    10 |    17 |    33 |   134 ||   201
       Pizza             |       |       |     1 |     1 |       ||     2
       Bread ration      |       |       |       |       |     4 ||     4
       Meat ration       |       |       |       |       |     1 ||     1
